AoeStats
← ITA | MarknighT

Arabian Desert

509167211Analyzed
1v1 RM · 7d ago on Sep 25, 2026· 45m 15s· 2 players
Game mode
Random Map
Map size
Tiny (2 player)
Population
200
Speed
Normal
Resources
Standard
Victory
Conquest
Starting age
Dark Age
Ending age
Imperial Age
RankedLock teamsTeams togetherTeam positionsShared explorationLock speedFull tech treeHidden civsTurbo modeCheats
Victory
Defeat
🇸🇪 Persians · Sweden
1951
+16
🇮🇹 Byzantines · Italy
1958
-16
addro94
8:55 Feudal Age
8:59 Loom
9:20 Double-Bit Axe
12:10 Man-at-Arms
16:06 Fletching
20:21 Castle Age
19:06 Padded Archer Armor
20:11 Crossbowman
20:50 Bodkin Arrow
21:53 Bow Saw
25:08 Horse Collar
26:42 Elite Skirmisher
27:30 Thumb Ring
29:08 Ballistics
32:05 Wheelbarrow
32:02 Leather Archer Armor
34:18 Parthian Tactics
34:46 Bloodlines
39:05 Imperial Age
37:33 Husbandry
38:12 Hand Cart
39:36 Scale Barding Armor
38:52 Cavalier
40:27 Savar
42:10 Chain Barding Armor
43:35 Plate Barding Armor
ITA | MarknighT
6:40 Loom
8:54 Feudal Age
9:36 Double-Bit Axe
12:51 Man-at-Arms
14:34 Fletching
20:45 Castle Age
18:59 Gold Mining
20:06 Horse Collar
20:49 Crossbowman
21:25 Bodkin Arrow
23:33 Bow Saw
24:53 Padded Archer Armor
27:05 Wheelbarrow
35:10 Imperial Age
35:17 Imperial Age
33:08 Hand Cart
34:19 Thumb Ring
35:01 Ballistics
36:07 Bracer
35:56 Arbalester
36:40 Elite Skirmisher
38:10 Leather Archer Armor
39:56 Chemistry
44:49 Scale Mail Armor
44:54 Heavy Plow
Connection lost

Rejoining the realm…

Still unreachable

The connection could not be restored.

Session expired

The server has moved on; the page needs a fresh start.